 Dungeon Crawl Stone Soup version 0.21.1-1-g345015f (webtiles) character file.

50 inc the Insei (level 3, -6/23 HPs)
             Began as an Octopode Transmuter on June 10, 2018.
             Mangled by a gnoll
             ... wielding a +0 halberd
              (10 damage)
             ... on level 1 of the Dungeon.
             The game lasted 00:01:44 (1202 turns).

inc the Insei (Octopode Transmuter)                 Turns: 1202, Time: 00:01:45

Health: -6/23      AC:  1    Str:  9    XL:     3   Next: 79%
Magic:  5/6        EV: 13    Int: 16    God:
Gold:   69         SH:  0    Dex: 12    Spells: 5/6 levels left

rFire    . . .     SeeInvis .     - Unarmed
rCold    . . .     Gourm    .   (no shield)
rNeg     . . .     Faith    .   (helmet restricted)
rPois    .         Spirit   .   (no amulet)
rElec    .         Reflect  .   (no ring)
rCorr    .         Harm     .   (no ring)
MR       .....                  (no ring)
Stlth    ++........             (no ring)
HPRegen  0.07/turn              (no ring)
MPRegen  0.10/turn              (no ring)
                                (no ring)
                                (no ring)

@: appendage (expiring)
A: almost no armour, stealthy swim, amphibious, 8 rings, constrict 8, tentacle
spike 3, camouflage 1, gelatinous body 1
a: End Transformation


You were on level 1 of the Dungeon.
You were not hungry.
One of your tentacles had a temporary spike.
You visited 1 branch of the dungeon, and saw 2 of its levels.

You collected 69 gold pieces.

Inventory:

Missiles
 a - 58 arrows
Jewellery
 k - an uncursed ring of ice {unknown}
Scrolls
 d - 2 scrolls of identify {unknown}
 h - a scroll of teleportation {unknown}
 i - a scroll of noise {unknown}
 j - a scroll of remove curse {unknown}
Potions
 e - a potion of flight {unknown}
 f - a potion of cancellation {unknown}
 g - a potion of degeneration {unknown}
Books
 b - a book of Changes

   Spells                             Type                      Level
   a - Beastly Appendage              Transmutation                1
   b - Sticks to Snakes               Transmutation                2
   c - Spider Form                    Transmutation/Poison         3
   d - Ice Form                       Ice/Transmutation            4
   e - Blade Hands                    Transmutation                5
Comestibles
 c - 3 rations
 l - a chunk of flesh


   Skills:
 - Level 1.0 Fighting
 - Level 2.0 Dodging
 + Level 4.6 Unarmed Combat
 - Level 2.0 Spellcasting
 - Level 2.0 Transmutations


You had 5 spell levels left.
You knew the following spells:

 Your Spells              Type           Power        Failure   Level  Hunger
a - Beastly Appendage     Tmut           #.....       9%          1    #......


Dungeon Overview and Level Annotations

Branches:
Dungeon (2/15)

Altars:
Kikubaaqudgha


Innate Abilities, Weirdness & Mutations

You cannot wear most types of armour.
You are very stealthy in the water. (Stealth+)
You are amphibious.
You can wear up to eight rings at the same time.
You can use your tentacles to constrict eight enemies at once.
Your skin changes colour to match your surroundings (Stealth+).
Your rubbery body absorbs attacks. (AC +1, EV +1)
One of your tentacles bears a large vicious spike.


Message History

The gnoll barely misses you. The gnoll misses you.
You tentacle-slap the gnoll.
You pierce the gnoll.
The gnoll is moderately wounded.
You constrict the gnoll. You tentacle-slap the gnoll.
Your tentacle spike misses the gnoll.
The gnoll is heavily wounded.
You constrict the gnoll. The gnoll hits you with a club.
* * * LOW HITPOINT WARNING * * *
The gnoll barely misses you.
You tentacle-slap the gnoll.
You kill the gnoll!
The gnoll closely misses you. The gnoll barely misses you.
You see here a club.
You barely miss the gnoll. Your grab misses the gnoll.
You barely miss the gnoll. You grab the gnoll.
Your transformation is almost over.
You constrict the gnoll, but do no damage.
The gnoll hits you with a halberd!
You die...

#.# #..# #.##..#.....
######.####..######.##..#.....
#................##.##..#.....
#.####.####..###.##.....#.##.#
#.# #.# #..# #.##..#........
##.## #.# #(.###.###....#.##..
##...###.#
#....†.....)..#.##..
#.....##.#
#.####.####..#...#..
#........#
#..@g.>............)
#.....#..#
##########.###...#.#
##...##..# #.####.##.#
######..# #......##.# #..#
#####..######.. ######..#
###............## #.......#
#...###..#....##. #.####.##
##.#.###..#.#.##.. #.# #.#
##...).....#.#.##..


You could see a gnoll.

Vanquished Creatures
  A gnoll (D:1)
  2 dart slugs (D:1)
  2 leopard geckos (D:1)
  4 bats
  A giant cockroach (D:1)
  7 goblins
  2 hobgoblins (D:1)
  3 jackals (D:1)
  3 kobolds (D:1)
  2 frilled lizards (D:1)
  5 rats
32 creatures vanquished.

Notes
Turn   | Place    | Note
-------+----------+-------------------------------------------
     0 | D:1      | inc the Octopode Transmuter began the quest for the Orb.
     0 | D:1      | Reached XP level 1. HP: 13/13 MP: 3/3
   246 | D:1      | Reached XP level 2. HP: 16/18 MP: 5/5
   609 | D:1      | Reached skill level 4 in Unarmed Combat
   644 | D:1      | Reached XP level 3. HP: 19/23 MP: 6/6
  1051 | D:2      | Found an ancient bone altar of Kikubaaqudgha.
  1202 | D:1      | Mangled by a gnoll

Skill      XL: |  1  2 |
---------------+-------+-----
Unarmed Combat | 4 |  4.6
Fighting       | |  1.0
Dodging        | |  2.0
Spellcasting   | |  2.0
Transmutations | |  2.0

Action                   || total
-------------------------++-------
Melee: Unarmed           ||    75
       Constrict         ||    20
       Tentacles         ||     7
       Punch             ||     3
       Kick              ||     1
 Cast: Beastly Appendage ||     1
 Stab: Sleeping          ||     4
  Eat: Chunk             ||     1
Armor: Skin              ||     9
Dodge: Dodged            ||    66
